 Dungeon Crawl Stone Soup version 0.27-a0-978-g2aa4ecdaef (webtiles) character file.

Game seed: 403422493011526507

861 robertstho the Chiller (level 8, 0/57 HPs)
             Began as a Gnoll Ice Elementalist on Apr 14, 2021.
             Was a Follower of Sif Muna.
             Slain by an orc warrior
             ... wielding a +0 glaive
              (27 damage)
             ... on level 6 of the Dungeon.
             The game lasted 00:10:33 (6308 turns).

robertstho the Chiller (Gnoll Ice Elementalist)     Turns: 6308, Time: 00:10:34

Health: 0/57       AC:  3    Str:  8    XL:     8   Next: 2%
Magic:  9/16       EV: 14    Int: 16    God:    Sif Muna [*.....]
Gold:   258        SH:  0    Dex: 13    Spells: 7/18 levels left

rFire    . . .     SeeInvis .   b - +0 hand axe (elec)
rCold    . . .     Faith    .   (no shield)
rNeg     . . .     Spirit   .   a - +0 robe
rPois    .         Reflect  .   (no helmet)
rElec    .         Harm     .   m - +0 cloak
rCorr    .         Rampage  .   (no gloves)
Will     .....                  (no boots)
Stlth    +++.......             (no amulet)
HPRegen  0.19/turn              (no ring)
MPRegen  0.15/turn              (no ring)

@: freezing walls
A: fangs 1, strong nose, distributed training
a: Renounce Religion, Channel Magic


You were on level 6 of the Dungeon.
You worshipped Sif Muna.
Sif Muna was aware of your devotion.
You visited 2 branches of the dungeon, and saw 7 of its levels.

You collected 258 gold pieces.

Inventory:

Hand Weapons
 b - a +0 hand axe of electrocution (weapon)
 d - a +0 spear
 i - a +0 halberd
Missiles
 h - 2 throwing nets
 j - 4 atropa-tipped darts
Armour
 a - a +0 robe (worn)
 m - a +0 cloak (worn)
Scrolls
 c - 2 scrolls of identify
 f - a scroll of enchant armour
Potions
 e - 2 potions of curing
 g - 3 potions of brilliance


   Skills:
 + Level 2.8 Fighting
 + Level 2.8 Short Blades
 + Level 2.8 Long Blades
 + Level 2.8 Axes
 + Level 2.8 Maces & Flails
 + Level 2.8 Polearms
 + Level 2.8 Staves
 + Level 2.8 Slings
 + Level 2.8 Bows
 + Level 2.8 Crossbows
 + Level 2.8 Throwing
 + Level 2.8 Armour
 + Level 5.4 Dodging
 + Level 5.1 Stealth
 + Level 2.8 Shields
 + Level 2.8 Unarmed Combat
 + Level 5.8 Spellcasting
 + Level 2.3 Conjurations
 + Level 2.3 Hexes
 + Level 2.3 Summonings
 + Level 2.3 Necromancy
 + Level 2.3 Translocations
 + Level 2.3 Transmutations
 + Level 2.3 Fire Magic
 + Level 7.5 Ice Magic
 + Level 2.3 Air Magic
 + Level 2.3 Earth Magic
 + Level 2.3 Poison Magic
 + Level 3.1 Invocations
 + Level 2.8 Evocations


You had 7 spell levels left.
You knew the following spells:

 Your Spells              Type           Power      Damage    Failure   Level
a - Freeze                Ice            100%       1d11      1%          1
b - Frozen Ramparts       Ice            56%        1d7       1%          3
c - Ozocubu's Armour      Ice            28%        N/A       1%          3
d - Hailstorm             Conj/Ice       20%        3d6       19%         4

Your spell library contained the following spells:

 Spells                   Type           Power      Damage    Failure   Level
 Ensorcelled Hibernation  Hex/Ice        40%        N/A       2%          2
 Corona                   Hex            13%        N/A       5%          1
 Shock                    Conj/Air       48%        1d6       5%          1
 Static Discharge         Conj/Air       12%        N/A       9%          2
 Confusing Touch          Hex            12%        N/A       16%         3
 Dazzling Flash           Conj/Hex       24%        N/A       16%         3
 Swiftness                Air            12%        N/A       16%         3
 Tukima's Dance           Hex            12%        N/A       16%         3
 Metabolic Englaciation   Hex/Ice        10%        N/A       45%         5
 Airstrike                Air            6%         N/A       47%         4
 Lightning Bolt           Conj/Air       6%         1d18      83%         5


Dungeon Overview and Level Annotations

Branches:
Dungeon (6/15)             Temple (1/1) D:4

Altars:
Ashenzari
Dithmenos
Elyvilon
Fedhas
Gozag
Hepliaklqana
Kikubaaqudgha
Nemelex Xobeh
Ru
Sif Muna
Trog
Wu Jian
Xom
Zin
The Shining One

Shops:
D:4 [

Annotations:
D:3 2 runed translucent doors, tardwrangler69's ghost, amateur DrEE
D:4 Grinder


Innate Abilities, Weirdness & Mutations

You have very sharp teeth.
Your uncanny sense of smell can sniff out nearby items.
Your experience applies equally to all skills.


Message History

A hound is nearby!
A hound is nearby!
A hound is nearby!
A hound is nearby!
A hound is nearby!
No target in view!
You now have 258 gold pieces (gained 14).
An orc warrior is nearby!
The orc warrior shouts!
Casting: Frozen Ramparts (safe; 1% risk of failure)
Confirm with . or Enter, or press ? or * to list all spells.
Casting: Frozen Ramparts (safe; 1% risk of failure)
Press: ? - help, Dir - look around, f - activate The walls around you are covered in ice.
The orc shouts!
You hear a shout!
The wall freezes the orc warrior.
Unknown command.
Your frozen ramparts will break if you move.
Continue?
Okay, then.
The wall freezes the orc warrior.
The orc warrior barely misses you.
The wall freezes the orc warrior.
The orc warrior hits you from afar with a +0 glaive.
The wall freezes the orc.
The wall freezes the orc warrior.
The orc warrior hits you from afar with a +0 glaive!
The orc priest invokes the aid of Beogh against you.
Beogh smites you!
Casting: Frozen Ramparts (safe; 1% risk of failure)
Confirm with . or Enter, or press ? or * to list all spells.
The spell is quite dangerous to cast (19% risk of failure)!
Continue anyway?
Casting: Hailstorm (quite dangerous; 19% risk of failure)
Press: ? - help, Dir - look around, f - activate A cannonade of hail descends around you!
The hail pelts the orc warrior!
The orc warrior is heavily wounded.
The hail pelts the orc!
You kill the orc!
Sif Muna accepts your kill.
The wall freezes the orc warrior.
The orc warrior hits you from afar with a +0 glaive!!
You die...

.##....................
............#..........
##...........##.....##..
...........##...........
.......##.......#.......
........##.....###......
..o..#.........###......
#...).....##...........
#...o.@..###.##........
#..##....#.#.###.......
#.............##.......
..#......#.............
####.####.#..........
#..# ..............
..###..# ..............
..#...## ..............
#..#.####.....#........


You could see an orc warrior and an orc priest.

Vanquished Creatures
  Eustachio (D:4)
  An acid dragon (D:4)
  A sky beast (D:5)
  An ogre (D:4)
  2 scorpions (D:5)
  2 jellies (D:4)
  A gnoll shaman (D:5)
  7 gnolls
  5 adders
  An ufetubus (D:5)
  3 worms
  4 dart slugs
  14 orcs
  3 bats
  5 endoplasms
  2 giant cockroaches
  5 hobgoblins
  4 jackals (D:1)
  5 kobolds
  4 quokkas
  4 ball pythons
  2 frilled lizards (D:1)
  6 goblins
  5 rats
88 creatures vanquished.

Notes
Turn   | Place    | Note
-------+----------+-------------------------------------------
     0 | D:1      | robertstho the Gnoll Ice Elementalist began the quest for
                  | the Orb.
     0 | D:1      | Reached XP level 1. HP: 13/13 MP: 6/6
   146 | D:1      | Reached XP level 2. HP: 12/19 MP: 1/7
   735 | D:1      | Reached skill level 5 in Spellcasting
   735 | D:1      | Reached XP level 3. HP: 15/25 MP: 1/9
   944 | D:1      | Reached skill level 1 in Invocations
  1466 | D:1      | Found a faded altar of an unknown god.
  1525 | D:2      | Found a glowing golden altar of the Shining One.
  1543 | D:2      | Learned a level 3 spell: Frozen Ramparts
  1547 | D:2      | Learned a level 3 spell: Ozocubu's Armour
  1584 | D:2      | Reached skill level 1 in Fighting
  1584 | D:2      | Reached skill level 1 in Short Blades
  1584 | D:2      | Reached skill level 1 in Long Blades
  1584 | D:2      | Reached skill level 1 in Axes
  1584 | D:2      | Reached skill level 1 in Maces & Flails
  1584 | D:2      | Reached skill level 1 in Polearms
  1584 | D:2      | Reached skill level 1 in Staves
  1584 | D:2      | Reached skill level 1 in Slings
  1584 | D:2      | Reached skill level 1 in Bows
  1584 | D:2      | Reached skill level 1 in Crossbows
  1584 | D:2      | Reached skill level 1 in Throwing
  1584 | D:2      | Reached skill level 1 in Armour
  1584 | D:2      | Reached skill level 1 in Shields
  1584 | D:2      | Reached skill level 1 in Unarmed Combat
  1584 | D:2      | Reached skill level 1 in Evocations
  1742 | D:2      | Reached XP level 4. HP: 29/32 MP: 9/11
  2276 | D:3      | Reached skill level 1 in Conjurations
  2276 | D:3      | Reached skill level 1 in Hexes
  2276 | D:3      | Reached skill level 1 in Summonings
  2276 | D:3      | Reached skill level 1 in Necromancy
  2276 | D:3      | Reached skill level 1 in Translocations
  2276 | D:3      | Reached skill level 1 in Transmutations
  2276 | D:3      | Reached skill level 1 in Fire Magic
  2276 | D:3      | Reached skill level 1 in Air Magic
  2276 | D:3      | Reached skill level 1 in Earth Magic
  2276 | D:3      | Reached skill level 1 in Poison Magic
  2776 | D:3      | Reached XP level 5. HP: 37/37 MP: 12/12
  2873 | D:3      | Found a glowing silver altar of Zin.
  2920 | D:3      | Found a runed translucent door.
  2926 | D:3      | Noticed tardwrangler69's ghost (amateur DrEE)
  2954 | D:3      | Found a runed translucent door.
  3754 | D:4      | Found Ciocwaq's Armour Shoppe.
  3786 | D:4      | Found a staircase to the Ecumenical Temple.
  3787 | D:4      | Noticed Eustachio
  3792 | Temple   | Entered the Ecumenical Temple
  3814 | Temple   | Became a worshipper of Sif Muna the Loreminder
  3847 | D:4      | Killed Eustachio
  3848 | D:4      | Reached XP level 6. HP: 40/44 MP: 4/14
  4015 | D:4      | Reached skill level 5 in Dodging
  4751 | D:4      | Reached XP level 7. HP: 50/50 MP: 11/15
  5071 | D:4      | Noticed Grinder
  5072 | D:4      | Paralysed by Grinder for 4 turns
  5089 | D:4      | Paralysed by Grinder for 5 turns
  5116 | D:5      | Entered Level 5 of the Dungeon
  5498 | D:5      | Found an ancient bone altar of Kikubaaqudgha.
  5550 | D:5      | Reached skill level 5 in Stealth
  5885 | D:5      | Reached * piety under Sif Muna
  5905 | D:5      | Found a sparkling altar of Nemelex Xobeh.
  6062 | D:5      | Reached XP level 8. HP: 43/57 MP: 12/16
  6190 | D:5      | Learned a level 4 spell: Hailstorm
  6308 | D:6      | Slain by an orc warrior

Illustrated notes

Levels and vault maps discovered:
D:1:      roderic_chinese_lattice_arrival, layout_loops_ring,
          basic_ecumenical_altar
D:2:      layout_basic, basic_altar
D:3:      layout_basic, zin_statuary, ebering_ghost_sewer_f
D:4:      layout_basic, minmay_temple_entry_nine_rooms, enter_ossuary_5,
          serial_shops, nicolae_shop_trees, minmay_misc_feat_iff, uniq_grinder,
          uniq_eustachio
D:5:      layout_basic, nemelex_diamond_rough_becter, kennysheep_mini_moat
D:6:      layout_cave_pools, general_overflow_altar
Temple:   minmay_temple_bridge_abc

Skill      XL: |  1  2  3  4  5  6  7 |
---------------+----------------------+-----
Spellcasting   | 5 |  5.8
Invocations    | 1 2 3 |  3.1
Fighting       | 1 2 |  2.8
Short Blades   | 1 2 |  2.8
Long Blades    | 1 2 |  2.8
Axes           | 1 2 |  2.8
Maces & Flails | 1 2 |  2.8
Polearms       | 1 2 |  2.8
Staves         | 1 2 |  2.8
Slings         | 1 2 |  2.8
Bows           | 1 2 |  2.8
Crossbows      | 1 2 |  2.8
Throwing       | 1 2 |  2.8
Armour         | 1 2 |  2.8
Shields        | 1 2 |  2.8
Unarmed Combat | 1 2 |  2.8
Evocations     | 1 2 |  2.8
Conjurations   | 1 2 |  2.3
Hexes          | 1 2 |  2.3
Summonings     | 1 2 |  2.3
Necromancy     | 1 2 |  2.3
Translocations | 1 2 |  2.3
Transmutations | 1 2 |  2.3
Fire Magic     | 1 2 |  2.3
Air Magic      | 1 2 |  2.3
Earth Magic    | 1 2 |  2.3
Poison Magic   | 1 2 |  2.3
Dodging        | 5 |  5.4
Stealth        | 5 |  5.1
Ice Magic      | |  7.5

Action                   |  1- 3 |  4- 6 |  7- 9 || total
-------------------------+-------+-------+-------++-------
Melee: Unarmed           |    20 |       |       ||    20
       Spear             |    13 |     5 |       ||    18
       Halberd           |       |    43 |    24 ||    67
       Bite              |       |     4 |     1 ||     5
       Hand axe          |       |       |    20 ||    20
 Cast: Freeze            |    49 |    12 |     2 ||    63
       Frozen Ramparts   |     1 |    21 |    12 ||    34
       Hailstorm         |       |       |     1 ||     1
  Use: Scroll            |     1 |     7 |       ||     8
       Potion            |       |       |     3 ||     3
 Stab: Sleeping          |     6 |     4 |     3 ||    13
Armor: Robe              |     6 |     6 |     9 ||    21
Dodge: Dodged            |    27 |    33 |    28 ||    88

Table legend: (Time is in decaauts)
 A = Elapsed time spent in this place.
 B = Non-inter-level travel time spent in this place.
 C = Inter-level travel time spent in this place.
 D = Time resting spent in this place.
 E = Time spent auto-exploring this place.
 F = Levels seen in this place.
 G = Mean time per level.
                   A        B        C        D        E       F      G
               +--------+--------+--------+--------+--------+-----+--------+
         Total |   6338 |   6201 |    137 |    555 |   4896 |   7 |  905.4 |
       Dungeon |   6294 |   6178 |    116 |    555 |   4883 |   6 | 1049.0 |
        Temple |     43 |     22 |     21 |      0 |     13 |   1 |   43.0 |
               +--------+--------+--------+--------+--------+-----+--------+

Top non-repeatable levels by time:
     D:1: 1524 daAuts
     D:3: 1505 daAuts
     D:4: 1333 daAuts
     D:5: 1074 daAuts
     D:2: 731 daAuts
     D:6: 124 daAuts
  Temple: 43 daAuts
